Map: Terraform LE (Void)

Players

NightEnD - Winner!

  • Race: Protoss Protoss
  • League: Master

qxc

  • Race: Terran Terran
  • League: Master

Event: ASL Season 5 Prime League LOTV Beta

VOD

Have the link to the VOD?

Description

Time

  • Played on: Sept. 17, 2015, 7:35 p.m.
  • Length: 13:50

All games in this series

Show
View Real Time Build Order
Export as new Build Order

NightEnD Protoss - Winner!

Build Orders: Oracle Opening 

Get SALT Encoding   

  12  0:00  Probe (Chrono Boost)  
  13  0:10  Probe (Chrono Boost)  
  14  0:18  Pylon  
  14  0:21  Probe (Chrono Boost)  
  15  0:35  Probe (Chrono Boost)  
  15  0:37  Gateway  
  16  0:45  Probe (Chrono Boost)  
  16  0:48  Assimilator  
  17  0:55  Probe (Chrono Boost)  
  18  1:02  Pylon  
  18  1:05  Probe (Chrono Boost)  
  19  1:15  Probe (Chrono Boost)  
  20  1:25  Cybernetics Core, Probe (Chrono Boost)  
  20  1:29  Zealot  
  23  1:35  Probe (Chrono Boost)  
  24  1:45  Probe (Chrono Boost)  
  25  1:55  Probe (Chrono Boost)  
  26  2:05  Probe (Chrono Boost), Adept (Chrono Boost)  
  26  2:06  Pylon, Assimilator  
  29  2:24  Stargate  
  29  2:30  Nexus  
  29  2:32  Probe (Chrono Boost)  
  30  2:43  Probe (Chrono Boost)  
  31  2:52  Pylon  
  33  2:58  Probe (Chrono Boost)  
  33  3:00  Adept, Warp Gate  
  33  3:05  Oracle (Chrono Boost)  
  34  3:09  Probe  
  38  3:21  Probe  
  39  3:32  Mothership Core (Chrono Boost)  
  41  3:42  Probe (Chrono Boost)  
  42  3:50  Robotics Facility  
  42  3:51  Probe (Chrono Boost)  
  42  3:52  Probe (Chrono Boost)  
  44  4:01  Probe (Chrono Boost)  
  44  4:02  Probe (Chrono Boost)  
  44  4:10  Probe (Chrono Boost)  
  44  4:12  Probe (Chrono Boost)  
  44  4:13  Assimilator  
  44  4:15  Assimilator  
  46  4:19  Forge  
  46  4:20  Probe (Chrono Boost), Twilight Council  
  46  4:21  Adept  
  46  4:23  Probe (Chrono Boost)  
  50  4:30  Probe (Chrono Boost)  
  51  4:31  Pylon x2  
  51  4:33  Probe (Chrono Boost)  
  52  4:40  Probe (Chrono Boost)  
  52  4:41  Observer  
  52  4:43  Probe (Chrono Boost)  
  55  4:47  Protoss Ground Weapons Level 1 (Chrono Boost)  
  55  4:50  Probe (Chrono Boost)  
  56  4:53  Probe (Chrono Boost)  
  57  5:01  Probe  
  57  5:04  Probe  
  59  5:07  Gateway  
  59  5:10  Gateway, Adept  
  59  5:13  Probe  
  62  5:16  Probe, Pylon  
  62  5:17  Observer  
  64  5:21  Shield Upgrade  
  64  5:25  Probe  
  65  5:29  Probe  
  66  5:37  Probe  
  66  5:41  Probe, Nexus  
  68  5:44  Adept  
  68  5:48  Pylon x2  
  71  5:50  Probe  
  71  5:53  Probe  
  72  5:57  Gateway  
  72  5:58  Blink  
  72  5:59  Gateway  
  72  6:02  Gateway, Probe  
  73  6:08  Pylon  
  73  6:09  Probe  
  74  6:13  Adept x3, Pylon  
  74  6:16  Probe  
  81  6:21  Protoss Ground Weapons Level 2 (Chrono Boost)  
  81  6:28  Robotics Bay  
  81  6:35  Probe x2  
  83  6:43  Observer  
  84  6:49  Adept  
  84  6:50  Adept x2  
  84  6:53  Probe  
  91  7:11  Stalker x4, Adept x2  
  103  7:17  Colossus (Chrono Boost)  
  103  7:20  Extended Thermal Lance  
  106  7:23  Pylon  
  106  7:34  Adept x4  
  106  7:35  Adept x2  
  110  7:47  Probe x2  
  110  7:56  Stalker x3, Adept x2  
  120  8:07  Probe  
  120  8:09  Assimilator x2  
  121  8:14  Colossus (Chrono Boost)  
  121  8:15  Adept  
  131  8:23  Protoss Ground Weapons Level 3  
  129  8:43  Nexus  
  129  8:45  Pylon  
  129  8:46  Pylon  
  129  8:48  Adept x4, Pylon  
  129  8:49  Adept x2  
  129  8:55  Stargate  
  139  8:58  Pylon  
  139  9:06  Colossus (Chrono Boost)  
  143  9:25  Stargate  
  143  9:28  Assimilator  
  143  9:32  Stalker x2, Assimilator  
  143  9:33  Stalker x2  
  143  9:35  Pylon  
  151  9:38  Pylon  
  151  9:44  Photon Cannon  
  151  9:46  Fleet Beacon  
  151  9:48  Adept x2  
  151  9:49  Colossus (Chrono Boost)  
  161  9:57  Probe  
  161  9:58  Probe x2, Photon Cannon  
  161  9:59  Probe  
  165  10:08  Phoenix  
  165  10:16  Adept x3  
  169  10:28  Adept x3, Carrier x2 (Chrono Boost)  
  169  10:31  Colossus (Chrono Boost)  
  177  10:43  Adept  
  177  10:44  Adept x2  
  189  11:07  Pylon  
  189  11:10  Adept x2  
  189  11:11  Adept x3  
  197  11:20  Protoss Shields Level 1, Protoss Air Weapons Level 1  
  197  11:32  Carrier (Chrono Boost)  
  195  11:57  Stargate  
  195  12:00  Carrier (Chrono Boost)  
  185  12:01  Stargate  
  185  12:07  Observer  
  180  12:25  Observer  
  181  12:43  Tempest (Chrono Boost)  
  181  12:50  Tempest x2 (Chrono Boost)  
  189  13:01  Stalker x5  
  189  13:02  Stalker  
  197  13:10  Gateway  
  197  13:11  Gateway  
  197  13:12  Gateway  
Show
View Real Time Build Order
Export as new Build Order

qxc Terran 

Build Orders: MMM Bio 

Get SALT Encoding   

  12  0:01  SCV  
  13  0:13  SCV  
  14  0:17  Supply Depot  
  14  0:25  SCV  
  15  0:39  SCV  
  15  0:41  Barracks  
  16  0:45  Refinery  
  16  0:51  SCV  
  17  1:03  SCV  
  18  1:15  SCV  
  19  1:28  Engineering Bay  
  19  1:29  Barracks Reactor, Orbital Command  
  19  1:39  Supply Depot  
  19  1:55  SCV  
  19  2:02  Command Center  
  19  2:05  Marine  
  19  2:06  Marine  
  21  2:11  SCV  
  22  2:20  Bunker  
  22  2:23  SCV, Marine  
  22  2:24  Marine  
  25  2:33  Barracks  
  25  2:35  SCV  
  26  2:41  Marine  
  26  2:42  Marine  
  28  2:44  Barracks  
  28  2:47  SCV  
  29  2:53  Supply Depot  
  29  2:59  SCV  
  29  3:01  Marine  
  31  3:14  SCV, Orbital Command, Marine  
  33  3:22  Barracks Tech Lab, Marine  
  33  3:26  SCV  
  35  3:35  Marine  
  35  3:36  Marine  
  35  3:38  SCV  
  35  3:41  Stimpack  
  38  3:42  Marauder, Marine  
  38  3:43  SCV  
  41  3:51  SCV  
  41  3:53  Marine  
  43  3:55  SCV  
  43  3:58  Supply Depot  
  40  4:02  Marine  
  40  4:03  SCV, Marine  
  40  4:08  SCV  
  40  4:09  Marine  
  41  4:12  Marine  
  41  4:15  SCV  
  43  4:20  SCV  
  43  4:22  Engineering Bay  
  43  4:23  Marine  
  45  4:24  Marine  
  45  4:27  SCV  
  47  4:32  SCV  
  48  4:39  SCV  
  48  4:42  Factory, Refinery  
  48  4:43  Marine  
  48  4:44  Supply Depot, Marine  
  50  4:47  SCV  
  50  4:51  Supply Depot, SCV  
  52  4:56  Marine x2  
  52  4:59  SCV  
  55  5:04  SCV  
  55  5:06  Marine  
  55  5:07  Marine  
  57  5:10  Refinery  
  57  5:11  Terran Infantry Weapons Level 1, SCV  
  59  5:16  SCV  
  59  5:17  Marine  
  59  5:18  Marauder  
  63  5:23  SCV  
  63  5:27  Marine x2  
  63  5:28  SCV  
  66  5:34  Starport  
  66  5:35  SCV  
  66  5:39  Marine  
  66  5:40  SCV, Marauder  
  71  5:47  Factory Reactor, Marine x2  
  71  5:48  SCV, Supply Depot  
  74  5:51  Supply Depot  
  74  5:52  SCV  
  75  5:57  Refinery  
  75  6:00  SCV, Marine  
  77  6:04  SCV  
  77  6:07  Combat Shields  
  77  6:10  Marauder, Marine x2  
  82  6:12  Supply Depot, SCV  
  82  6:16  SCV  
  82  6:18  Marine  
  83  6:20  Missile Turret  
  83  6:24  SCV  
  83  6:25  Missile Turret  
  85  6:26  Medivac  
  85  6:27  Medivac  
  85  6:28  SCV  
  85  6:31  Supply Depot, Marine  
  91  6:36  SCV  
  92  6:41  SCV  
  92  6:42  Marine x3  
  95  6:48  SCV  
  95  6:53  SCV  
  95  6:54  Marine  
  97  7:00  SCV  
  97  7:01  Medivac x2  
  102  7:05  Marauder  
  102  7:06  Barracks Tech Lab, Marine  
  102  7:07  SCV  
  106  7:09  Command Center  
  106  7:11  Marine  
  106  7:12  SCV  
  106  7:14  Missile Turret  
  108  7:15  Supply Depot  
  108  7:19  SCV  
  109  7:24  Marine  
  109  7:26  Factory Reactor  
  110  7:37  SCV x2, Marauder x2, Medivac  
  110  7:38  Terran Infantry Armor Level 1  
  103  7:49  SCV x2  
  103  7:50  Medivac  
  98  8:01  SCV x2  
  98  8:07  Marauder x2, Marine x2  
  104  8:13  SCV x2  
  104  8:14  Barracks  
  104  8:15  Barracks  
  104  8:16  Armory  
  104  8:19  Engineering Bay, Widow Mine  
  106  8:20  Widow Mine  
  106  8:25  SCV, Medivac  
  106  8:26  SCV  
  114  8:30  Orbital Command  
  114  8:34  Marine, Marauder  
  116  8:35  Marine  
  118  8:42  SCV  
  118  8:44  Medivac  
  118  8:45  SCV  
  124  8:48  Marauder  
  124  8:50  Widow Mine x2  
  124  8:53  Reaper  
  130  9:00  Marine  
  130  9:01  Marauder  
  130  9:03  Supply Depot x2  
  130  9:04  Supply Depot  
  127  9:11  Barracks Reactor, Barracks Tech Lab  
  127  9:14  Starport  
  127  9:16  Viking x2  
  130  9:21  Widow Mine  
  132  9:24  Widow Mine  
  132  9:26  Refinery  
  132  9:27  Refinery  
  132  9:30  Terran Infantry Weapons Level 2  
  133  9:39  Marauder x3, Marine x2  
  141  9:47  Command Center  
  141  9:54  Terran Infantry Armor Level 2  
  141  10:01  Viking x2, Starport Tech Lab  
  141  10:02  Widow Mine x2  
  141  10:03  Supply Depot  
  149  10:07  Marauder x2, Marine x2  
  149  10:08  Marauder  
  149  10:11  Marine  
  149  10:12  Marine  
  157  10:17  Liberator x2  
  147  10:27  Liberator  
  140  10:29  Marauder  
  140  10:31  Supply Depot  
  147  10:36  Marauder, Marine x2  
  147  10:37  Marine x2, Marauder  
  158  10:50  Marauder  
  154  11:02  Liberator x2  
  154  11:11  Marine x2  
  154  11:12  Marine, Marauder x2  
  154  11:13  Missile Turret x2  
  154  11:14  Missile Turret x2  
  154  11:15  Missile Turret  
  154  11:17  Missile Turret, Marauder  
  162  11:26  Widow Mine x2  
  162  11:32  SCV x2  
  167  11:33  SCV, Marauder x2  
  172  11:44  SCV x2  
  172  11:45  SCV, Marauder, Marine  
  167  11:48  Marine  
  167  11:49  Unknown  
  160  11:56  SCV  
  160  11:57  SCV  
  160  11:59  Widow Mine x2  
  162  12:02  SCV  
  162  12:08  SCV  
  161  12:15  SCV  
  158  12:29  SCV  
  159  12:30  Marine x2  
  159  12:35  SCV  
  159  12:36  SCV  
  158  12:43  Widow Mine  
  158  12:45  SCV  
  161  12:52  SCV  
  161  12:54  SCV  
  161  12:58  SCV  
  161  13:04  SCV  
  161  13:06  SCV  
  161  13:10  SCV  
  163  13:13  Marine  
  163  13:15  Marauder  
  163  13:18  SCV  
  164  13:20  Marine  
  159  13:28  Marauder  
Tags
 
Add a new tag
Caveats
  • Supply blocks, unpowered buildings, or Contaminate may cause inaccurate times.
  • Supply counts are checked every 10 seconds.